AoeStats
← Barriletecosmico

Arabia

508492987Analyzed
1v1 RM · 9d ago on Sep 22, 2026· 33m 20s· 2 players
Game mode
Random Map
Map size
Tiny (2 player)
Population
200
Speed
Normal
Resources
Standard
Victory
Conquest
Starting age
Dark Age
Ending age
Imperial Age
RankedLock teamsTeams togetherTeam positionsShared explorationLock speedFull tech treeHidden civsTurbo modeCheats
Victory
Defeat
🇦🇷 Maya · Argentina
1574
+14
🇩🇪 Random · Germany
1528
-14
Ole
6:26 Loom
9:12 Feudal Age
10:46 Double-Bit Axe
11:09 Horse Collar
14:47 Fletching
16:14 Padded Archer Armor
21:39 Castle Age
20:20 Town Watch
20:54 Scale Mail Armor
21:42 Elite Skirmisher
22:18 Bodkin Arrow
22:40 Bow Saw
23:13 Wheelbarrow
24:09 Leather Archer Armor
26:24 Ballistics
Barriletecosmico
0:25 Loom
9:21 Feudal Age
9:51 Double-Bit Axe
9:30 Man-at-Arms
15:11 Fletching
17:01 Padded Archer Armor
21:14 Castle Age
19:39 Padded Archer Armor
20:07 Gold Mining
19:57 Horse Collar
21:16 Crossbowman
21:51 Bodkin Arrow
22:05 Bodkin Arrow
24:05 Ballistics
25:03 Bow Saw
28:20 Thumb Ring
Connection lost

Rejoining the realm…

Still unreachable

The connection could not be restored.

Session expired

The server has moved on; the page needs a fresh start.